 Dungeon Crawl Stone Soup version 0.19.1-1-g22dce08 (webtiles) character file.

560 Alarkh the Chopper (level 7, 53/53 HPs)
             Began as a Demonspawn Monk on Jan 3, 2017.
             Starved to death
             ... while paralysed
             ... on level 3 of the Dungeon.
             The game lasted 00:06:20 (5989 turns).

Alarkh the Chopper (Demonspawn Monk)                Turns: 5989, Time: 00:06:21

Health: 53/53      AC:  3    Str: 11    XL:     7   Next: 9%
Magic:  7/7        EV:  2    Int: 13    God:
Gold:   81         SH:  0    Dex: 16    Spells: 0 memorised, 6 levels left

rFire  . . .     SeeInvis .     w - +0 dagger
rCold  . . .     Gourm    .     b - +0 robe
rNeg   . . .     Faith    .     (no shield)
rPois  .         Spirit   .     (no helmet)
rElec  .         Reflect  .     (no cloak)
rCorr  .         Harm     .     (no gloves)
MR     .....                    (no boots)
Stlth  ++........               (no amulet)
                                (no ring)
                                (no ring)

@: paralysed, fainting
A: talons 1, rugged brown scales 1, powered by pain 1, rot immunity
a: no special abilities


You were on level 3 of the Dungeon.
You were fainting.

You visited 1 branch of the dungeon, and saw 5 of its levels.

You collected 102 gold pieces.
You spent 21 gold pieces at shops.

Inventory:

Hand Weapons
 a - a +2 hand axe
 w - a +0 dagger (weapon)
Armour
 b - a +0 robe (worn)
Scrolls
 e - a scroll of identify
 g - a scroll of remove curse
 i - a scroll of enchant armour {unknown}
 l - a scroll of random uselessness {unknown}
 q - 2 scrolls of fog {unknown}
 s - 4 scrolls of teleportation
Potions
 d - a potion of flight
 h - 2 potions of lignification
 n - a potion of cancellation {unknown}
 o - a potion of curing
 r - 2 potions of agility
 t - a potion of degeneration {unknown}
 v - a potion of brilliance {unknown}
Books
 p - a book of Cantrips

   Spells                             Type                      Level
   a - Confusing Touch                Hexes                        1
   b - Animate Skeleton               Necromancy                   1
   c - Summon Small Mammal            Summoning                    1
   d - Apportation                    Translocation                1


   Skills:
 - Level 3.0 Fighting
 + Level 7.4 Axes
 - Level 2.6 Dodging
 - Level 1.7 Stealth


You had 6 spell levels left.
You didn't know any spells.

Dungeon Overview and Level Annotations

Branches:
Dungeon (5/15)
 Temple: D:4-7

Altars:
Ashenzari
Dithmenos
Fedhas
Ru
Sif Muna
Yredelemnul

Shops:
D:4 %:[([


Innate Abilities, Weirdness & Mutations

You have sharp toenails.
You are partially covered in rugged brown scales. (AC +1, +3% HP)
You sometimes gain a little power by taking damage.
You are immune to rotting.


Message History

As you are about to starve, you manage to eat something.
You start eating one of the 2 beef jerkies.
You are feeling very hungry.
That beef jerky was delicious!
Drop what? 20/52 slots (_ for help) (? for menu, Esc to quit)
You drop 4 bread rations.
You drop a beef jerky.
You drop a slice of pizza.
Drop what? 17/52 slots (_ for help) (? for menu, Esc to quit)
Okay, then.
You are near starving!
You are starving!
You are fainting from starvation!
You lose consciousness!
You can move again.
You lose consciousness!
You can move again.
You lose consciousness!
You have starved to death.
You die...

##...## #.# #.#####
##'## #.# #...... #.#
#.# ####### #######
#.# #.# ......###.##
#.# #####.##...## #.#
#.#.....# #.#
#####.##...#########.#
...##.###.###>.%@....#
##.##.#######.########
#............#
#####.#########
......# #######


There were no monsters in sight!

Vanquished Creatures
  An ogre (D:4)
  2 scorpions (D:4)
  A jelly (D:5)
  2 orc wizards (D:4)
  A centaur skeleton (D:4)
  An iguana (D:4)
  4 worker ants (D:4)
  6 adders
  An ooze (D:2)
  An adder skeleton (D:4)
  3 worms
  2 dart slugs (D:1)
  3 leopard geckos
  4 orcs
  7 bats
  2 giant cockroaches (D:2)
  3 goblins
  5 hobgoblins
  6 jackals
  9 kobolds
  2 quokkas (D:2)
  2 ball pythons
  A ball python skeleton (D:4)
  6 frilled lizards
  9 rats
84 creatures vanquished.

Vanquished Creatures (others)
  A plant (D:1)
1 creature vanquished.

Grand Total: 85 creatures vanquished

Notes
Turn   | Place    | Note
-------+----------+-------------------------------------------
     0 | D:1      | Alarkh the Demonspawn Monk began the quest for the Orb.
     0 | D:1      | Reached XP level 1. HP: 18/18 MP: 1/1
    43 | D:1      | Reached skill level 3 in Axes
   301 | D:1      | Gained mutation: You are partially covered in rugged brown scales. (AC +1, +3% HP) [demonic ancestry]
   301 | D:1      | Reached XP level 2. HP: 6/24 MP: 2/2
  1119 | D:1      | Gained mutation: You sometimes gain a little power by taking damage. [demonic ancestry]
  1119 | D:1      | Reached XP level 3. HP: 20/29 MP: 3/3
  1492 | D:2      | Reached skill level 4 in Axes
  1903 | D:2      | Found a sacrificial altar of Ru.
  1927 | D:2      | Reached XP level 4. HP: 12/36 MP: 4/4
  2919 | D:3      | Reached skill level 5 in Axes
  3436 | D:4      | Gained mutation: You have sharp toenails. [demonic ancestry]
  3436 | D:4      | Reached XP level 5. HP: 24/42 MP: 5/5
  3533 | D:4      | Found Wiodugun's Food Boutique.
  3553 | D:4      | Reached skill level 6 in Axes
  3642 | D:4      | Found Ollellat's Armour Shoppe.
  3652 | D:4      | Reached XP level 6. HP: 33/48 MP: 6/6
  3665 | D:4      | Bought a cursed +0 cloak for 21 gold pieces
  3698 | D:4      | Found Bulidoj's Armour Shop.
  3729 | D:4      | Found Aqibekh's Antique Weapon Emporium.
  3900 | D:4      | Found Waeriasm's Book Shop.
  4078 | D:4      | Reached skill level 7 in Axes
  4209 | D:4      | Found a basalt altar of Yredelemnul.
  4211 | D:4      | Found a deep blue altar of Sif Muna.
  4211 | D:4      | Found a shattered altar of Ashenzari.
  4230 | D:4      | Found a shadowy altar of Dithmenos.
  4233 | D:4      | Found a blossoming altar of Fedhas.
  4298 | D:5      | Entered Level 5 of the Dungeon
  4314 | D:4      | Gained mutation: You are immune to rotting. [demonic ancestry]
  4314 | D:4      | Reached XP level 7. HP: 24/53 MP: 7/7
  5420 | D:3      | Paralysed by fainting for 6 turns
  5916 | D:3      | Paralysed by fainting for 7 turns
  5948 | D:3      | Paralysed by fainting for 8 turns
  5986 | D:3      | Paralysed by fainting for 8 turns
  5989 | D:3      | Starved to death

Skill      XL: |  1  2  3  4  5  6 |
---------------+-------------------+-----
Axes           | 3 4 5 6 7 |  7.4
Fighting       | |  3.0
Dodging        | |  2.6
Stealth        | |  1.7

Action                   |  1- 3 |  4- 6 |  7- 9 || total
-------------------------+-------+-------+-------++-------
Melee: Hand axe          |   176 |   273 |     4 ||   453
       Kick              |       |    39 |     2 ||    41
  Use: Potion            |     1 |     3 |       ||     4
       Scroll            |     1 |     4 |       ||     5
 Stab: Sleeping          |     5 |     9 |       ||    14
  Eat: Chunk             |     3 |     8 |     1 ||    12
       Beef jerky        |       |       |     1 ||     1
Armor: Robe              |    33 |    33 |       ||    66
       Skin              |       |    27 |       ||    27
Dodge: Dodged            |   129 |   140 |     4 ||   273
